 Dungeon Crawl Stone Soup version 0.30-a0-358-g0d69a1922f (webtiles) character file.

Game seed: 5747367774023804477

84226 Engwar the Fighter (level 16, -2/140 HPs)
             Began as a Djinni Fire Elementalist on Nov 9, 2022.
             Was a High Priest of Ashenzari.
             Slain by a skeletal warrior
             ... wielding a +0 scimitar
              (21 damage)
             ... on level 15 of the Dungeon.
             The game lasted 01:51:12 (30477 turns).

Engwar the Fighter (Djinni Fire Elementalist)      Turns: 30477, Time: 01:51:12

Health: -2/140     AC: 18    Str:  7    XL:     16   Next: 27%
Gold:   1561       EV: 18    Int: 23    God:    Ashenzari [*****.] SH: 18 Dex: 21

rFire   + + .      SeeInvis +    p - +6 hammer "Shame of Ashenzari" {freeze, rC+ Will++, Self, Melee} (curse)
rCold   . . .      Faith    .    C - +0 kite shield of Toth-Mos's Legacy {Fort, Cun} (curse)
rNeg    + . .      Spirit   .    m - +0 swamp dragon scales of Star-Bound Wisdom {rPois, Self, Evo} (curse)
rPois   ∞          Reflect  +    b - +2 helmet of the Shackled Sage {Evo, Self} (curse)
rElec   .          Harm     .    v - +2 cloak of the Manifest Portent {Melee, Self} (curse)
rCorr   .          Rampage  .    t - +0 pair of gloves "Per Aspera Ad Scientiam" {Stlth+, Melee, Fort} (curse)
Will    +++..      Clarity  +    (boots unavailable)
Stlth   +++.......               a - amulet "I Foresaw This" {Reflect Dex+5 SH+5, Melee, Self} (curse)
HPRegen 0.43/turn                L - ring of positive energy
MPRegen 0.00/turn                (no ring)

@: flying
A: sickness immunity, fire resistance 2, cold vulnerability 1, float, innate
caster, HP casting, extra vitality 1
a: Renounce Religion, Curse Item, Shatter the Chains


You were on level 15 of the Dungeon.
You worshipped Ashenzari.
Ashenzari was extremely pleased with you.
You visited 3 branches of the dungeon, and saw 21 of its levels.
You also visited: Gauntlet.

You collected 2131 gold pieces.
You spent 570 gold pieces at shops.

Inventory:

Hand Weapons
 p - the cursed +6 hammer "Shame of Ashenzari" (weapon) {freeze, rC+ Will++, Self, Melee}
   (You found it on level 6 of the Dungeon)

   It freezes those it strikes, dealing additional cold damage.
   It can also slow down cold-blooded creatures.
   rC:        It protects you from cold.
   Will:      It greatly increases your willpower.
   It has a curse which improves the following skills: Introspection: Fighting
   and Spellcasting.
   Melee Combat: Short Blades, Long Blades, Axes, Maces & Flails, Polearms,
   Staves and Unarmed Combat.
Missiles
 e - 5 throwing nets
Armour
 b - the cursed +2 helmet of the Shackled Sage (worn) {Evo, Self}
   (You found it on level 7 of the Dungeon)

   It has a curse which improves the following skills: Evocations: Evocations.
   Introspection: Fighting and Spellcasting.
 m - the cursed +0 swamp dragon scales of Star-Bound Wisdom (worn) {rPois, Self, Evo}
   (You took it off Maggie on level 6 of the Dungeon)

   rPois:     It protects you from poison.
   It has a curse which improves the following skills: Introspection: Fighting
   and Spellcasting.
   Evocations: Evocations.
 t - the cursed +0 pair of gloves "Per Aspera Ad Scientiam" (worn) {Stlth+, Melee, Fort}
   (You acquired it on level 4 of the Lair of Beasts)

   It has a curse which improves the following skills: Melee Combat: Short
   Blades, Long Blades, Axes, Maces & Flails, Polearms, Staves and Unarmed
   Combat.
   Fortitude: Armour and Shields.
 v - the cursed +2 cloak of the Manifest Portent (worn) {Melee, Self}
   (You found it on level 6 of the Dungeon)

   It has a curse which improves the following skills: Melee Combat: Short
   Blades, Long Blades, Axes, Maces & Flails, Polearms, Staves and Unarmed
   Combat.
   Introspection: Fighting and Spellcasting.
 C - the cursed +0 kite shield of Toth-Mos's Legacy (worn) {Fort, Cun}
   (You took it off a gnoll sergeant on level 9 of the Dungeon)

   It has a curse which improves the following skills: Fortitude: Armour and
   Shields.
   Cunning:   Dodging and Stealth.
Jewellery
 a - the cursed amulet "I Foresaw This" (around neck) {Reflect Dex+5 SH+5, Melee, Self}
   (You bought it in a shop on level 2 of the Dungeon)

   [amulet of reflection]

   It reflects blocked missile attacks.
   Dex:       It affects your dexterity (+5).
   SH:        It affects your SH (+5).
   It has a curse which improves the following skills: Melee Combat: Short
   Blades, Long Blades, Axes, Maces & Flails, Polearms, Staves and Unarmed
   Combat.
   Introspection: Fighting and Spellcasting.
 G - a ring of willpower
 L - a ring of positive energy (left hand)
Wands
 c - a wand of paralysis (19)
 B - a wand of flame (16)
 D - a wand of acid (3)
 E - a wand of mindburst (8)
 F - a wand of digging (12)
 H - a wand of roots (8)
Scrolls
 n - 4 scrolls of fear
 o - 4 scrolls of teleportation
 r - 3 scrolls of magic mapping
 u - a scroll of enchant weapon
 x - a scroll of butterflies
 y - 3 scrolls of silence
 z - 4 scrolls of poison
 J - 2 scrolls of enchant armour
 M - a scroll of brand weapon
Potions
 f - 5 potions of attraction
 g - 4 potions of might
 i - a potion of invisibility
 j - a potion of berserk rage
 k - 4 potions of lignification
 l - 3 potions of haste
 q - 12 potions of curing
 s - 2 potions of mutation
 w - 5 potions of brilliance
 A - a potion of resistance
 I - a potion of cancellation
Miscellaneous
 d - a condenser vane


   Skills:
 + Level 14.9(21.3) Fighting
 - Level 5.0(10.1) Maces & Flails
 - Level 7.0(10.5) Armour
 + Level 14.6(16.8) Dodging
 - Level 1.5(3.1) Stealth
 + Level 8.3(11.8) Shields
 + Level 12.0(18.4) Spellcasting


You had 12 spell levels left.
You knew the following spells:

 Your Spells              Type           Power      Damage    Failure   Level
a - Foxfire               Conj/Fire      100%       2x1d9     0%          1
b - Scorch                Fire           100%       2d10      0%          2
c - Kindle Blastsparks    Fire/Tloc/Air  100%       2d18      1%          3
d - Inner Flame           Hex/Fire       82%        N/A       1%          3
e - Flame Wave            Conj/Fire      82%        2d18      1%          4
f - Sandblast             Erth           100%       2d20      0%          1
g - Poisonous Vapours     Pois/Air       100%       N/A       0%          2
h - Gell's Gravitas       Tloc           82%        N/A       1%          3
i - Summon Ice Beast      Ice/Summ       82%        N/A       1%          4
j - Yara's Violent Unrav  Hex/Tmut       41%        3d16      1%          5
k - Lightning Bolt        Conj/Air       41%        1d60      1%          5
l - Simulacrum            Ice/Necr       41%        N/A       1%          6
Your spell library was empty.

Dungeon Overview and Level Annotations

Branches:
Dungeon (15/15)            Temple (1/1) D:4            Lair (5/5) D:8
 Shoals (0/4) Lair:2        Snake (0/4) Lair:2        Slime (0/5) Lair:5
    Orc (0/2) D:10         Vaults (0/5) D:14         Depths (0/4) D:15
Gauntlet (visited)

Altars:
Ashenzari
Cheibriados
Dithmenos
Elyvilon
Fedhas
Gozag
Hepliaklqana
Makhleb
Nemelex Xobeh
Okawaru
Qazlal
Ru
Trog
Uskayaw
Wu Jian
Xom
Yredelemnul
Zin
The Shining One

Shops:
D:2 =*   D:3 (   D:13 [

Annotations:
D:13 2 transporters, exclusion: obsidian statue, Lowk's ghost, journeyman DjFE
Lair:5 1 runed translucent door, PanSaczeczos's ghost, journeyman KoDe


Innate Abilities, Weirdness & Mutations

You are immune to sickness and miasma.
You are immune to poison.
Your flesh is very heat resistant. (rF++)
You are vulnerable to cold. (rC-)
You float through the air rather than walking.
You learn spells naturally, not from books.
Your magical power is your life essence.
You have superior vitality. (+4 MHP)


Message History

The skeletal warrior hits you but does no damage.
You block the skeletal warrior's attack.
Casting: Scorch (safe; 0% risk of failure)
Confirm with . or Enter, or press ? or * to list all spells.
Flames lash the skeletal warrior.
The skeletal warrior is burned terribly!
The skeletal warrior is heavily damaged.
You block the skeletal warrior's attack.
The skeletal warrior hits you with a +0 scimitar!
* * * LOW HITPOINT WARNING * * *
Casting: Scorch (safe; 0% risk of failure)
Confirm with . or Enter, or press ? or * to list all spells.
Flames lash the skeletal warrior but do no damage.
* * * LOW HITPOINT WARNING * * *
You block the skeletal warrior's attack.
The skeletal warrior hits you but does no damage.
Casting: Scorch (safe; 0% risk of failure)
Confirm with . or Enter, or press ? or * to list all spells.
Flames lash the skeletal warrior.
The skeletal warrior is burned terribly!
The skeletal warrior is heavily damaged.
* * * LOW HITPOINT WARNING * * *
The skeletal warrior hits you from afar with a +0 halberd!
* * * LOW HITPOINT WARNING * * *
The skeletal warrior barely misses you.
Casting: Scorch (safe; 0% risk of failure)
Confirm with . or Enter, or press ? or * to list all spells.
Flames lash the skeletal warrior.
The skeletal warrior is burned terribly!
The skeletal warrior is severely damaged.
* * * LOW HITPOINT WARNING * * *
You block the skeletal warrior's attack. x2
Casting: Scorch (safe; 0% risk of failure)
Confirm with . or Enter, or press ? or * to list all spells.
Flames lash the skeletal warrior.
The skeletal warrior is burned terribly!
The skeletal warrior is severely damaged.
* * * LOW HITPOINT WARNING * * *
The skeletal warrior hits you with a +0 scimitar!!
You die...

** ,*
#.......# # ,
#.......# # *
*####(......#
# , ,,,
,...........#
* *,
#####......#
** * *
#...#+## { *,
,* ##..# * ,
* * ######..#
* ,, { ,
#.....z@# ,
#.......#,*
** { ,
**#......z# *
* , *, ,
+.......#^,
*,, ,*
#.....#'#,
+,,,,, , **
*,
#.........# ,
,, * **
######..?.# *
* * * ,, ,
#....# * {,
*** *
**#....# *#


You could see 2 skeletal warriors.

Vanquished Creatures
  Nessos (Lair:4)
  A fire dragon (Lair:5)
  4 hydras
  Harold (D:9)
  2 boulder beetles (Lair:5)
  3 centaur warriors
  A catoblepas (Lair:2)
  2 two-headed ogres
  7 death yaks
  7 skeletal warriors
  An iron troll (D:14)
  2 wizards (D:14)
  An orc knight (D:13)
  2 deep elf pyromancers
  7 ugly things
  3 manticores
  3 cyclopes
  14 elephants
  4 black mambas
  A gargoyle (D:12)
  5 torpor snails
  9 cane toads
  An unseen horror (D:12)
  An efreet (D:14)
  A freezing wraith (D:14)
  3 rime drakes
  4 komodo dragons
  3 meliai (D:15)
  A merfolk (Lair:2)
  6 hornets (Lair:5)
  4 trolls
  Grinder (D:6)
  3 tyrant leeches (Lair:5)
  15 blink frogs
  14 dream sheep
  2 slime creatures (D:12)
  A vampire (D:11)
  2 wraiths
  A human (D:10)
  45 yaks
  4 basilisks
  A steam dragon (Lair:5)
  A wyvern (Lair:2)
  2 vampire mosquitoes (D:13)
  5 acid dragons
  2 nagas (Lair:2)
  4 hell hounds (D:13)
  12 water moccasins
  Duvessa (D:4)
  9 orc warriors
  2 swamp drakes (Lair:5)
  An ice beast (D:5)
  A black bear (Lair:4)
  A black bear (shapeshifter) (D:13)
  9 ogres
  7 wolves
  12 centaurs
  A phantom (D:7)
  A kobold brigand (D:10)
  6 bullfrogs
  4 gnoll sergeants
  3 scorpions
  3 wights (D:8)
  Dowan (D:4)
  14 killer bees
  5 howler monkeys
  4 electric eels
  2 hounds (D:4)
  6 orc priests
  A gnoll bouda (D:5)
  Crazy Yiuf (D:6)
  4 iguanas
  11 orc wizards
  A human skeleton (D:10)
  27 gnolls
  2 adders
  A shadow imp (D:8)
  4 white imps
  2 ufetubi
  A worm (D:2)
  4 dart slugs
  31 orcs
  7 ball pythons
  8 endoplasms
  4 giant cockroaches
  6 goblins
  8 hobgoblins
  3 jackals (D:1)
  3 quokkas
  4 bats
  2 frilled lizards
  10 kobolds
  4 rats
  A spectral orc (D:12)
  A butterfly (Lair:5)
464 creatures vanquished.

Vanquished Creatures (collateral kills)
  Azrael (D:13)
  2 fire dragons
  3 hydras (Lair:4)
  4 boulder beetles
  3 death yaks (Lair:3)
  A two-headed ogre (D:12)
  Lodul (D:10)
  A lindwurm (Lair:5)
  A swamp dragon (Lair:5)
  2 ugly things (D:14)
  A gargoyle (D:13)
  Maurice (D:11)
  2 elephants (Lair:4)
  2 torpor snails (Lair:5)
  2 cane toads
  Maggie (D:6)
  An efreet (D:13)
  3 komodo dragons
  A tyrant leech (Lair:5)
  3 dream sheep (Lair:3)
  2 slime creatures (D:12)
  5 blink frogs
  A wraith (D:12)
  A wyvern (Lair:4)
  2 fire elementals (D:13)
  15 yaks
  A steam dragon (D:8)
  A hell hound (D:13)
  A water moccasin (Lair:5)
  An orc warrior (D:11)
  2 wolves (Lair:5)
  A centaur (D:11)
  2 ogres (D:10)
  3 howler monkeys
  An orc priest (D:8)
  A gnoll bouda (D:8)
  3 gnolls
  10 foxfires
89 creatures vanquished.

Vanquished Creatures (others)
  An orc (D:6)
  A bush (Lair:4)
  A butterfly (D:10)
  750 foxfires
  56 fungi
  105 plants
914 creatures vanquished.

Grand Total: 1467 creatures vanquished

Notes
Turn   | Place    | Note
-------+----------+-------------------------------------------
     0 | D:1      | Engwar the Djinni Fire Elementalist began the quest for the
                  | Orb.
     0 | D:1      | Engwar set off with the following spells memorised:
                  | Foxfire, Scorch, Kindle Blastsparks, Inner Flame, Flame
                  | Wave.
     0 | D:1      | Reached XP level 1. HP: 15/15 MP: 0/0
   176 | D:1      | Reached XP level 2. HP: 21/22 MP: 0/0
   294 | D:1      | Reached skill level 1 in Fighting
   389 | D:1      | Reached XP level 3. HP: 21/27 MP: 0/0
   389 | D:1      | Learned a level 1 spell: Sandblast
  1234 | D:2      | Found Neisup Angu's Jewellery Emporium.
  1251 | D:2      | Reached XP level 4. HP: 30/33 MP: 0/0
  1368 | D:2      | Found Ehemp's Assorted Antiques.
  1368 | D:2      | Found an iron altar of Okawaru.
  1972 | D:3      | Found Oshrek's Weapon Boutique.
  2025 | D:3      | Reached XP level 5. HP: 12/38 MP: 0/0
  2025 | D:3      | Learned a level 2 spell: Poisonous Vapours
  2231 | D:3      | Found an iron altar of Okawaru.
  2769 | D:4      | Noticed Duvessa
  3057 | D:4      | Noticed an ogre
  3099 | D:4      | Killed Duvessa
  3100 | D:4      | Reached XP level 6. HP: 24/46 MP: 0/0
  3103 | D:5      | Entered Level 5 of the Dungeon
  3255 | D:4      | Found a glowing silver altar of Zin.
  3543 | D:4      | Found a staircase to the Ecumenical Temple.
  3543 | D:4      | Noticed an ogre
  3551 | D:4      | Killed an ogre
  3552 | D:4      | Reached XP level 7. HP: 38/50 MP: 0/0
  3552 | D:4      | Learned a level 3 spell: Gell's Gravitas
  3569 | Temple   | Entered the Ecumenical Temple
  3717 | Temple   | Became a worshipper of Ashenzari the Shackled
  4063 | D:4      | Reached skill level 5 in Dodging
  4401 | D:5      | Found a stormy altar of Qazlal.
  4898 | D:5      | Reached XP level 8. HP: 41/58 MP: 0/0
  5073 | D:5      | Found a sacrificial altar of Ru.
  5458 | D:5      | Reached skill level 5 in Fighting
  5660 | D:5      | Found a bloodstained altar of Trog.
  5778 | D:5      | Found a hazy altar of Hepliaklqana.
  6135 | D:6      | Noticed Grinder
  6146 | D:6      | Reached skill level 5 in Spellcasting
  6539 | D:6      | Killed Grinder
  6540 | D:6      | Reached XP level 9. HP: 60/66 MP: 0/0
  6540 | D:6      | Learned a level 4 spell: Summon Ice Beast
  6565 | D:6      | Noticed Maggie
  6595 | D:6      | Killed Maggie
  6799 | D:6      | Found a runed translucent door.
  6800 | D:6      | Noticed Crazy Yiuf
  6805 | D:6      | Killed Crazy Yiuf
  6810 | D:6      | Identified the +6 hammer "Goocvasa" {freeze, rC+ Will++}
  7074 | D:7      | Reached skill level 1 in Armour
  7540 | D:7      | Noticed a two-headed ogre
  7696 | D:7      | Killed a two-headed ogre
  7697 | D:7      | Reached XP level 10. HP: 55/76 MP: 0/0
  8187 | D:8      | Noticed a komodo dragon
  8203 | D:8      | Killed a komodo dragon
  8253 | D:8      | Reached * piety under Ashenzari
  8277 | D:8      | Reached skill level 5 in Armour
  8399 | D:8      | Found a staircase to the Lair.
  9181 | D:9      | Noticed a skeletal warrior
  9516 | D:4      | Noticed Dowan
  9521 | D:4      | Killed Dowan
  9563 | D:2      | Bought the amulet "Dyschod" {Reflect Dex+5 SH+5} for 570
                  | gold pieces
  9574 | D:2      | Reached ** piety under Ashenzari
  9792 | Lair:1   | Entered Level 1 of the Lair of Beasts
  9820 | Lair:1   | Reached XP level 11. HP: 72/87 MP: 0/0
  9820 | Lair:1   | Learned a level 5 spell: Yara's Violent Unravelling
  9846 | Lair:1   | Found a gate leading to a gauntlet.
  9858 | Gauntlet | Entered a Gauntlet
  9858 | Gauntlet | Noticed a worldbinder
  9858 | Gauntlet | Found a transporter.
  9858 | Gauntlet | Found a transporter.
  9858 | Gauntlet | Found a transporter.
  9860 | Gauntlet | Found a transporter.
  9861 | Gauntlet | Found a transporter.
  9864 | Gauntlet | Found a transporter.
  9866 | Gauntlet | Noticed a worldbinder
  9870 | Gauntlet | Found a runed translucent gate.
  9870 | Gauntlet | Found a transporter.
  9870 | Gauntlet | Found a runed translucent gate.
  9870 | Gauntlet | Found a runed translucent gate.
  9873 | Gauntlet | Found a transporter.
  9874 | Gauntlet | Found a transporter.
  9876 | Gauntlet | Found a transporter.
  9878 | Gauntlet | Noticed a death yak
  9878 | Gauntlet | Noticed a death yak
  9879 | Gauntlet | Noticed a death yak
  9879 | Gauntlet | Noticed a death yak
  9880 | Gauntlet | Found a runed translucent door.
  9880 | Gauntlet | Noticed a death yak
  9882 | Gauntlet | Found a runed translucent door.
  9883 | Gauntlet | Noticed an orange crystal statue
  9883 | Gauntlet | Identified the +0 helmet of the Fife {rC- Regen+ rCorr}
  9883 | Gauntlet | Identified the +8 arbalest of Ezxent {drain, rN+ rCorr
                  | Str+4 Stlth+}
  9884 | Gauntlet | Found a transporter.
  9884 | Gauntlet | Found a transporter.
 10213 | Lair:1   | Reached *** piety under Ashenzari
 11278 | Lair:2   | Noticed a catoblepas
 11321 | Lair:2   | Reached skill level 10 in Fighting
 11673 | Lair:2   | Killed a catoblepas
 12302 | Lair:2   | Found a staircase to the Snake Pit.
 12600 | Lair:2   | Reached XP level 12. HP: 98/102 MP: 0/0
 12647 | Lair:2   | Found a staircase to the Shoals.
 12913 | Lair:3   | Noticed a six-headed hydra
 12994 | Lair:3   | Noticed a death yak
 12995 | Lair:3   | Noticed a death yak
 12995 | Lair:3   | Noticed a death yak
 12995 | Lair:3   | Noticed a death yak
 13033 | Lair:3   | Killed a death yak
 13263 | Lair:3   | Killed a six-headed hydra
 13283 | Lair:2   | Killed a death yak
 13602 | Lair:3   | Reached skill level 1 in Maces & Flails
 13612 | Lair:3   | Reached skill level 10 in Dodging
 13892 | Lair:3   | Identified the +11 battleaxe "Dulit" {vorpal, rElec rPois
                  | Str+10 Dex-5}
 13976 | Lair:3   | Killed a death yak
 13980 | Lair:3   | Killed a death yak
 14072 | Lair:3   | Reached XP level 13. HP: 61/110 MP: 0/0
 14072 | Lair:3   | Learned a level 5 spell: Lightning Bolt
 15064 | Lair:4   | Noticed a four-headed hydra
 15064 | Lair:4   | Identified a scroll of acquirement
 15069 | Lair:4   | Killed a four-headed hydra
 15306 | Lair:3   | Reached skill level 10 in Spellcasting
 15569 | Lair:4   | Noticed a seven-headed hydra
 15669 | Lair:4   | Acquired a +0 pair of gloves of stealth
 15754 | Lair:4   | Noticed Nessos
 15772 | Lair:4   | Killed Nessos
 16377 | Lair:4   | Reached skill level 5 in Maces & Flails
 16563 | Lair:4   | Reached **** piety under Ashenzari
 16666 | Lair:4   | Noticed an eight-headed hydra
 16672 | Lair:4   | Killed an eight-headed hydra
 16673 | Lair:4   | Reached skill level 1 in Shields
 16673 | Lair:4   | Reached XP level 14. HP: 94/121 MP: 0/0
 17886 | Lair:5   | Entered Level 5 of the Lair of Beasts
 18237 | Lair:5   | Found a runed translucent door.
 18246 | Lair:5   | Identified the +5 trident of Inquiry {holy, *Slow rElec
                  | rN++ Stlth+}
 18246 | Lair:5   | Noticed PanSaczeczos's ghost (journeyman KoDe)
 19335 | Lair:5   | Found a staircase to the Slime Pits.
 19956 | D:9      | Reached ***** piety under Ashenzari
 20210 | Lair:5   | Reached skill level 5 in Shields
 20619 | Lair:5   | Found a runed translucent door.
 21078 | Lair:5   | Reached XP level 15. HP: 106/130 MP: 0/0
 21078 | Lair:5   | Learned a level 6 spell: Simulacrum
 22103 | D:9      | Found a shimmering altar of Xom.
 22285 | D:9      | Identified the +2 shortbow "Guchoipt" {speed, rF+ Will++
                  | Int-5 SInv}
 22347 | D:9      | Noticed Harold
 22357 | D:9      | Killed Harold
 22835 | D:10     | Entered Level 10 of the Dungeon
 23235 | D:10     | Noticed Lodul
 23241 | D:10     | Killed Lodul
 23589 | D:10     | Found a glowing golden altar of the Shining One.
 23723 | D:10     | Found a runed translucent door.
 23727 | D:10     | Found a basalt altar of Yredelemnul.
 23836 | D:10     | Found a white marble altar of Elyvilon.
 23924 | D:10     | Found a staircase to the Orcish Mines.
 24239 | D:11     | Identified the +0 robe of Ciyluorch {rC+ Slay+3 SInv}
 24315 | D:11     | Noticed Maurice
 24653 | D:11     | Killed Maurice
 26224 | D:12     | Found a basalt altar of Yredelemnul.
 27205 | D:13     | Found a transporter.
 27206 | D:13     | Found a transporter.
 27206 | D:13     | Noticed Lowk's ghost (journeyman DjFE)
 27219 | D:13     | Noticed an iron dragon
 27220 | D:13     | Identified the ring of Epydoide {+Blink rPois rF- rN+
                  | Dex+3}
 27226 | D:13     | a bunyip changed into a broodmother
 27226 | D:13     | Noticed a broodmother (glowing shapeshifter)
 27227 | D:13     | a broodmother changed into a wolf spider
 27232 | D:13     | Identified the +4 leather armour of the Original Sin {rC+
                  | rCorr Dex+4 Stlth-}
 27246 | D:13     | an ice dragon changed into a broodmother
 27246 | D:13     | Noticed a broodmother (glowing shapeshifter)
 27253 | D:13     | a broodmother changed into a tyrant leech
 27525 | D:13     | Found Vifekleu's Antique Armour Boutique.
 27557 | D:13     | Noticed Azrael
 27595 | D:13     | Killed Azrael
 28006 | D:13     | a dire elephant changed into a storm dragon
 28006 | D:13     | Noticed a storm dragon (glowing shapeshifter)
 28012 | D:13     | a storm dragon changed into a quicksilver ooze
 28012 | D:13     | Noticed a quicksilver ooze (glowing shapeshifter)
 28022 | D:13     | a quicksilver ooze changed into a storm dragon
 28022 | D:13     | Noticed a storm dragon (glowing shapeshifter)
 28023 | D:13     | a storm dragon changed into a fire dragon
 28466 | D:14     | Reached XP level 16. HP: 119/140 MP: 0/0
 29383 | D:14     | Acquired the +1 hat "Vodu" {rElec rF+ rN+}
 29719 | D:14     | HP: 5/140 [iron troll (8)]
 30004 | D:14     | Found a gate to the Vaults.
 30189 | D:15     | Entered Level 15 of the Dungeon
 30477 | D:15     | Slain by a skeletal warrior

Illustrated notes

Levels and vault maps discovered:
D:1:      dpeg_arrival_signposts, layout_loops_ring, minivault_26,
          nrook_campfire, minmay_misc_feat_chi
D:2:      layout_basic, serial_shops, shop, shop, basic_altar,
          roderic_roman_lattice
D:3:      layout_basic, mainiacjoe_overflow_paths, serial_shops, shop
D:4:      layout_layer_cave, zin_academy, old_standard_altar,
          minmay_temple_entry_tees, uniq_duvessa
D:5:      layout_basic, trog_antimagical, marbit_many_paths,
          mainiacjoe_overflow_big_doors, guppyfry_early_lair_pool
D:6:      layout_basic, uniq_crazy_yiuf_cottage, uniq_grinder, uniq_maggie
D:7:      layout_basic, chequers_serial_rivers_micro_e, minmay_crystal_room,
          uniq_menkaure
D:8:      layout_basic, david_lair_shrubbed, minmay_misc_feat_rows
D:9:      layout_stronghold, mainiacjoe_overflow_chevrons,
          lightli_fourway_metalbox, uniq_harold
D:10:     layout_loops_ring, nicolae_sif_muna_condensation,
          nicolae_elyvilon_peaceful_grove, old_standard_altar,
          dk_yredelemnul_ordeal, erik_orc_2, uniq_lodul
D:11:     layout_grid_maze, uniq_maurice
D:12:     layout_gridville, yredelemnul_forgotten_temple_becter
D:13:     layout_basic, gammafunk_ghost_arena, minivault_16,
          nicolae_take_the_stairs, lightli_minifort, uniq_azrael
D:14:     layout_long_grid, david_vaults_4, minmay_misc_feat_cross,
          kennysheep_boxes
D:15:     gammafunk_enter_depths_forms, layout_basic,
          nicolae_hepliaklqana_hippocampus, st_stairs_2
Temple:   hellmonk_temple_beads
Lair:1:   layout_gridlike, gauntlet_entry_generic, grunt_megastairs_5
Lair:2:   layout_cave_pods, elwin_shoals_entry_rooms,
          minmay_snake_entry_guardpost_large, wad_woods_river_04,
          grunt_megastairs_1
Lair:3:   layout_chaotic_city, lemuel_fruit_fields, grunt_megastairs_2
Lair:4:   layout_roguey, serial_bayou_shore_a, grunt_megastairs_4,
          infiniplex_staircase_pool_2, uniq_nessos
Lair:5:   wormcave, layout_layer_cave, guppyfry_lair_end_dragon, slime_entry_1,
          ebering_ghost_funeral_grove, lemuel_fruit_fields

Skill      XL: |  1  2  3  4  5  6  7  8  9 10 11 12 13 14 15 16 |
---------------+-------------------------------------------------+-----
Fighting       | 1 2 3 4 6 7 9 10 11 12 13 14 | 14.9
Dodging        | 3 4 5 7 8 10 11 13 14 | 14.6
Spellcasting   | 3 4 5 6 7 8 9 10 11 12 | 12.0
Armour         | 3 6 7 |  7.0
Maces & Flails | 2 5 |  5.0
Shields        | 1 5 7 8 |  8.3
Stealth        | |  1.5

Action                   |  1- 3 |  4- 6 |  7- 9 | 10-12 | 13-15 | 16-18 || total
-------------------------+-------+-------+-------+-------+-------+-------++-------
Melee: Whip              |     9 |     5 |       |       |       |       ||    14
       Mace              |       |       |       |    30 |   273 |    24 ||   327
       Punch             |       |       |       |       |     4 |       ||     4
 Cast: Foxfire           |    42 |    44 |   122 |   154 |    73 |     9 ||   444
       Scorch            |    10 |    16 |    53 |   166 |   629 |   105 ||   979
       Sandblast         |     3 |       |     8 |       |       |       ||    11
       Kindle Blastspark |       |     5 |     7 |     5 |       |       ||    17
       Inner Flame       |       |     2 |       |     1 |       |     3 ||     6
       Poisonous Vapours |       |     1 |    14 |     3 |     5 |       ||    23
       Gell's Gravitas   |       |       |     3 |       |     6 |       ||     9
       Summon Ice Beast  |       |       |     5 |    25 |    66 |     5 ||   101
       Flame Wave        |       |       |       |     2 |     4 |       ||     6
       Lightning Bolt    |       |       |       |       |     9 |       ||     9
       Simulacrum        |       |       |       |       |       |     1 ||     1
Invok: Curse Item        |       |       |     1 |     4 |     2 |       ||     7
  Use: Scroll            |       |     5 |     7 |     2 |     2 |     2 ||    18
       Potion            |       |       |       |     1 |     3 |     2 ||     6
 Stab: Sleeping          |       |       |       |       |     3 |       ||     3
       Distracted        |       |       |       |       |     3 |       ||     3
Armor: Robe              |     3 |     1 |     7 |       |       |       ||    11
       Swamp dragon scal |       |       |       |    38 |   235 |    42 ||   315
Dodge: Dodged            |    11 |     8 |    39 |    50 |   368 |    51 ||   527
Block: Other             |       |     2 |     5 |    31 |    52 |       ||    90
       Reflection        |       |     1 |     2 |     5 |    31 |     6 ||    45
       Kite shield       |       |       |       |       |   368 |   112 ||   480

Table legend: (Time is in decaauts)
 A = Elapsed time spent in this place.
 B = Non-inter-level travel time spent in this place.
 C = Inter-level travel time spent in this place.
 D = Time resting spent in this place.
 E = Time spent auto-exploring this place.
 F = Levels seen in this place.
 G = Mean time per level.
                   A        B        C        D        E       F      G
               +--------+--------+--------+--------+--------+-----+--------+
         Total |  30571 |  28846 |   1725 |   6612 |  16901 |  22 | 1389.6 |
       Dungeon |  18664 |  17564 |   1100 |   2901 |  11582 |  15 | 1244.3 |
        Temple |    163 |    123 |     40 |      0 |    111 |   1 |  163.0 |
          Lair |  11570 |  10986 |    584 |   3711 |   5208 |   5 | 2314.0 |
      Gauntlet |    172 |    172 |      0 |      0 |      0 |   1 |  172.0 |
               +--------+--------+--------+--------+--------+-----+--------+

Top non-repeatable levels by time:
  Lair:5: 3156 daAuts
  Lair:3: 3062 daAuts
  Lair:2: 2232 daAuts
  Lair:4: 2004 daAuts
    D:14: 1971 daAuts
    D:13: 1813 daAuts
     D:5: 1747 daAuts
     D:9: 1563 daAuts
     D:4: 1440 daAuts
     D:8: 1297 daAuts
    D:11: 1277 daAuts
    D:10: 1250 daAuts
     D:6: 1127 daAuts
  Lair:1: 1113 daAuts
    D:12: 1048 daAuts
